 Dungeon Crawl Stone Soup version 0.23.2-30-g0e89c35649 (webtiles) character file.

Game seed: 7142549050529459824

679 H0rd4k the Cutter (level 7, -4/51 HPs)
             Began as a Human Artificer on June 19, 2019.
             Engulfed by an orc wizard's steam (8 damage)
             ... in the Ecumenical Temple.
             The game lasted 00:07:38 (4895 turns).

H0rd4k the Cutter (Human Artificer)                 Turns: 4895, Time: 00:07:39

Health: -4/51      AC: -4    Str: 14    XL:     7   Next: 92%
Magic:  9/9        EV: 13    Int: 12    God:
Gold:   190        SH:  0    Dex: 13    Spells: 6/6 levels left

rFire    . . .     SeeInvis .   s - +2 short sword (venom)
rCold    . . .     Gourm    .   (no shield)
rNeg     . . .     Faith    .   b - +0 leather armour
rPois    .         Spirit   .   (no helmet)
rElec    .         Reflect  .   (no cloak)
rCorr    .         Harm     .   (no gloves)
MR       .....                  (no boots)
Stlth    +.........             (no amulet)
HPRegen  0.17/turn              (no ring)
MPRegen  0.11/turn              (no ring)

@: corroded, very slow
A: no striking features
a: no special abilities


You were in the Ecumenical Temple.
You were not hungry.

You visited 2 branches of the dungeon, and saw 6 of its levels.

You collected 190 gold pieces.

Inventory:

Hand Weapons
 a - a +0 short sword
 s - a +2 short sword of venom (weapon)
 u - a +0 long sword
Missiles
 h - 29 poisoned needles
 k - 84 sling bullets
 m - 4 curare-tipped needles
Armour
 b - a +0 leather armour (worn)
 l - a +0 pair of gloves
 G - a +2 leather armour of poison resistance
Jewellery
 A - an uncursed ring of protection from cold {unknown}
Wands
 c - a wand of flame (11)
 d - a wand of enslavement (15)
 e - a wand of random effects (7)
 w - a wand of clouds (5)
 F - a wand of polymorph (5)
Scrolls
 i - a scroll of immolation {unknown}
 n - 2 scrolls of fear {unknown}
 o - 3 scrolls of identify {unknown}
 t - a scroll of magic mapping {unknown}
 y - 2 scrolls of enchant armour {unknown}
 C - a scroll of amnesia {unknown}
 D - a scroll of remove curse {unknown}
 E - a scroll of noise {unknown}
Potions
 j - a potion of lignification {unknown}
 p - a potion of berserk rage {unknown}
 q - a potion of cancellation {unknown}
 r - 2 potions of curing
 v - a potion of haste {unknown}
 x - a potion of mutation {unknown}
 z - a potion of flight {unknown}
 B - a potion of invisibility {unknown}
Comestibles
 f - 7 rations


   Skills:
 + Level 2.7 Fighting
 + Level 4.6 Short Blades
 + Level 3.3 Armour
 + Level 3.6 Dodging
 + Level 3.1 Stealth
 + Level 3.5 Evocations


You had 6 spell levels left.
You didn't know any spells.
Your spell library was empty.

Dungeon Overview and Level Annotations

Branches:
Dungeon (5/15)             Temple (1/1) D:5

Altars:
Dithmenos
Elyvilon
Fedhas
Gozag
Hepliaklqana
Kikubaaqudgha
Makhleb
Okawaru
Ru
Sif Muna
Trog
Uskayaw
Vehumet
Wu Jian
Zin
The Shining One

Annotations:
D:3 exclusion: downstairs


Message History

* * * LOW HITPOINT WARNING * * *
You hear a splashing noise.
Really walk into that cloud of steam? [Y]es or [N]o only, please.
Really walk into that cloud of steam?
Okay, then.
Unknown command.
Unknown command.
Unknown command.
Okay, then.
Unknown command.
You feel better.
An orc wizard appears from thin air!
Reactivating autopickup.
The orc wizard is engulfed in a cloud of scalding steam.
The orc wizard points at you and mumbles some strange words.
The puff of flame hits you!
* * * LOW HITPOINT WARNING * * *
Your unstable footing causes you to fumble your attack.
You are engulfed in a cloud of scalding steam.
You die...

♣♣♣#...........♣♣≈≈≈......#..
♣♣♣.........♣♣♣≈♣♣..♣......
♣♣.......♣..♣♣♣≈≈♣♣♣♣...♣♣♣♣
♣♣.....#...♣♣♣ ♣≈♣♣ ♣..♣♣
♣♣.....#....♣ ♣♣≈≈ ♣♣♣♣..♣♣♣♣
♣......#._.♣♣♣≈≈≈♣ ♣......##.
♣♣.........♣♣≈≈♣♣♣♣#♣♣........
♣♣..........♣§§♣♣♣_......._..#.
♣♣..#.......≈≈§@♣♣...#..........
♣...♣._.....≈≈o♣♣...#...........
♣♣.........≈≈§≈♣................
♣....#..≈..≈≈≈♣..........♣......
♣♣.....≈≈..≈≈♣..................
♣♣...≈≈≈..≈.........♣..........
♣...≈≈≈≈.......♣............♣..
♣..≈≈≈≈♣......♣..........♣.....
♣♣≈≈≈≈♣♣.....♣♣♣♣.......♣♣♣...♣


You could see an orc wizard.

Vanquished Creatures
  An orc warrior (D:4)
  An ogre (D:4)
  A scorpion (D:3)
  A howler monkey (D:4)
  A jelly (Temple)
  2 orc wizards
  Ijyb (D:5)
  2 worker ants
  4 gnolls
  8 adders
  4 worms
  4 dart slugs
  4 leopard geckos
  8 orcs
  4 giant cockroaches
  22 goblins
  13 hobgoblins
  11 jackals
  A quokka (D:2)
  4 ball pythons
  9 bats
  2 frilled lizards
  7 kobolds
  4 rats
119 creatures vanquished.

Notes
Turn   | Place    | Note
-------+----------+-------------------------------------------
     0 | D:1      | H0rd4k the Human Artificer began the quest for the Orb.
     0 | D:1      | Reached XP level 1. HP: 15/15 MP: 3/3
   194 | D:1      | Reached XP level 2. HP: 10/21 MP: 4/4
   508 | D:1      | Reached XP level 3. HP: 6/26 MP: 5/5
  1621 | D:2      | Reached XP level 4. HP: 31/32 MP: 6/6
  2068 | D:2      | Reached skill level 2 in Short Blades
  2076 | D:2      | Found a hide-covered altar of Uskayaw.
  2076 | D:2      | Found an ornate altar of the Wu Jian Council.
  2476 | D:3      | Reached XP level 5. HP: 24/38 MP: 7/7
  2494 | D:3      | Reached skill level 1 in Armour
  2672 | D:3      | Reached skill level 3 in Short Blades
  3046 | D:3      | Reached XP level 6. HP: 44/44 MP: 8/8
  3414 | D:4      | Found a blossoming altar of Fedhas.
  3494 | D:4      | Noticed an ogre
  3502 | D:4      | Noticed an orc warrior
  3512 | D:4      | Killed an ogre
  3522 | D:3      | HP: 1/45 [worker ant (5)]
  3761 | D:4      | Reached XP level 7. HP: 43/51 MP: 9/9
  3825 | D:3      | Reached skill level 4 in Short Blades
  4518 | D:5      | Entered Level 5 of the Dungeon
  4524 | D:5      | Found a staircase to the Ecumenical Temple.
  4542 | Temple   | Entered the Ecumenical Temple
  4794 | D:5      | Noticed Ijyb
  4809 | D:5      | Killed Ijyb
  4889 | Temple   | HP: 1/51 [something/magic dart (7)]
  4895 | Temple   | Engulfed by an orc wizard's steam

Skill      XL: |  1  2  3  4  5  6  7 |
---------------+----------------------+-----
Short Blades   | 2 3 4 |  4.6
Armour         | 1 2 3 |  3.3
Dodging        | 3 |  3.6
Fighting       | 2 |  2.7
Stealth        | 2 3 |  3.1
Evocations     | |  3.5

Action                   |  1- 3 |  4- 6 |  7- 9 || total
-------------------------+-------+-------+-------++-------
Melee: Short sword       |   188 |   181 |    69 ||   438
       Unarmed           |       |       |    13 ||    13
Evoke: Wand              |     1 |     1 |    10 ||    12
  Use: Potion            |       |     1 |     3 ||     4
 Stab: Sleeping          |     1 |     5 |       ||     6
  Eat: Chunk             |     2 |     7 |     4 ||    13
Armor: Leather armour    |    54 |    30 |     4 ||    88
       Skin              |       |       |     8 ||     8
Dodge: Dodged            |   129 |    96 |    52 ||   277
